Map: Primeval Wilds

Players

xti

  • Race: Zerg Zerg
  • Spawn Location: 7:00

Maverick

  • Race: Protoss Protoss
  • League: Gold
  • Spawn Location: 6:00

Key

  • Race: Zerg Zerg
  • Spawn Location: 6:00

Infamous

  • Race: Protoss Protoss
  • League: Gold
  • Spawn Location: 5:00

Sirpaul

  • Race: Protoss Protoss
  • Spawn Location: 3:00

CultOfCroft

  • Race: Protoss Protoss
  • League: Gold
  • Spawn Location: 12:00

DaBattlinPoo

  • Race: Protoss Protoss
  • Spawn Location: 9:00

John

  • Race: Protoss Protoss
  • League: Diamond
  • Spawn Location: 12:00

VOD

Have the link to the VOD?

Description

Time

  • Played on: April 23, 2018, 1:47 p.m.
  • Length: 13:19
Show
View Real Time Build Order
Export as new Build Order

xti Zerg 

Build Orders: Hatch First 

Get SALT Encoding   

  12  0:04  Drone  
  13  0:10  Drone  
  14  0:41  Hatchery  
  13  0:56  Spawning Pool  
  12  1:02  Drone, Extractor  
  12  1:06  Drone  
  13  1:12  Drone  
  14  1:22  Overlord  
  14  1:39  Overlord  
  14  1:44  Queen  
  16  1:51  Extractor  
  16  1:52  Drone  
  16  1:58  Drone  
  17  2:19  Drone x3  
  20  2:29  Queen  
  22  2:42  Lair  
  22  3:10  Drone  
  22  3:11  Drone x2  
  25  3:14  Drone x3  
  28  3:28  Hatchery  
  28  3:30  Drone  
  28  3:40  Drone x3  
  27  3:57  Spore Crawler  
  27  4:01  Spore Crawler  
  24  4:10  Drone x3  
  24  4:11  Hydralisk Den  
  26  4:19  Spore Crawler  
  25  4:34  Spore Crawler  
  25  4:35  Drone x3  
  27  4:40  Drone  
  28  4:50  Drone x3  
  31  5:00  Overlord  
  31  5:11  Queen  
  33  5:16  Queen  
  35  5:27  Hydralisk  
  35  5:28  Hydralisk  
  39  5:31  Hydralisk  
  41  5:41  Drone  
  42  5:46  Overlord x2  
  42  6:00  Overlord  
  42  6:01  Overlord  
  42  6:09  Drone x4  
  42  6:10  Drone  
  47  6:23  Extractor  
  47  6:25  Extractor  
  45  6:26  Overlord x2  
  45  6:34  Hydralisk x3  
  51  6:42  Drone x2  
  53  6:49  Hydralisk  
  53  6:50  Hydralisk  
  57  6:59  Nydus Network  
  57  7:01  Muscular Augments  
  56  7:09  Drone x2  
  56  7:11  Drone  
  56  7:14  Overlord  
  59  7:23  Spore Crawler  
  58  7:30  Pneumatized Carapace  
  58  7:31  Hydralisk x2  
  62  7:38  Overlord  
  62  7:55  Overseer  
  62  8:12  Grooved Spines  
  62  8:23  Hydralisk x6  
  62  8:24  Hydralisk x4  
  82  8:42  Nydus Canal  
  42  9:40  Hydralisk x3  
  42  9:41  Hydralisk x3  
  54  9:58  Drone x2  
  57  10:00  Drone  
  57  10:03  Drone x4  
  57  10:04  Drone, Hydralisk x2  
  57  10:05  Hydralisk x2  
  70  10:12  Hatchery  
  69  10:18  Hydralisk x5  
  69  10:19  Hydralisk x2  
  83  10:40  Extractor  
  68  11:22  Hydralisk x3  
  68  11:23  Hydralisk x6  
  68  11:24  Hydralisk x5  
  68  11:25  Hydralisk  
  98  11:32  Drone  
  99  11:34  Queen  
  101  11:44  Evolution Chamber  
  101  11:45  Evolution Chamber x2  
  98  11:50  Spire  
  97  11:55  Infestation Pit  
  97  11:56  Drone x3  
  44  12:45  Hydralisk x3  
  44  12:46  Hydralisk x3  
Show
View Real Time Build Order
Export as new Build Order

Maverick Protoss 

Build Orders: 1 Gate Expand, Double Forge, Blink Stalkers 

Get SALT Encoding   

  12  0:01  Probe  
  13  0:13  Probe  
  14  0:18  Pylon  
  14  0:24  Probe  
  15  0:32  Probe  
  15  0:40  Probe  
  15  0:42  Gateway  
  17  1:07  Nexus  
  17  1:15  Probe, Assimilator  
  18  1:27  Probe  
  18  1:30  Cybernetics Core  
  19  1:34  Assimilator  
  20  1:40  Probe  
  20  1:53  Probe  
  21  1:57  Warp Gate  
  21  2:05  Probe  
  22  2:17  Probe  
  22  2:21  Probe  
  24  2:27  Twilight Council  
  24  2:29  Pylon x2, Probe  
  25  2:33  Probe  
  26  2:41  Probe  
  27  2:45  Probe  
  27  2:50  Gateway x2  
  28  2:54  Blink  
  28  3:06  Probe  
  28  3:07  Probe  
  28  3:12  Assimilator  
  30  3:15  Assimilator  
  30  3:19  Probe x2  
  32  3:24  Forge  
  32  3:31  Probe, Forge  
  33  3:34  Protoss Ground Armor Level 1  
  33  3:37  Probe  
  34  3:42  Protoss Ground Weapons Level 1  
  34  3:43  Probe  
  34  3:44  Gateway  
  35  3:49  Probe  
  35  3:51  Pylon  
  35  3:55  Probe  
  37  4:01  Probe  
  38  4:11  Probe  
  38  4:13  Probe  
  40  4:23  Probe  
  41  4:24  Stalker x2  
  41  4:25  Probe, Stalker  
  48  4:38  Probe x2  
  50  4:44  Stalker  
  52  4:48  Stalker x2  
  52  4:49  Stalker  
  52  4:52  Probe x2  
  60  4:58  Pylon  
  60  5:00  Pylon  
  60  5:09  Stalker  
  62  5:19  Stalker x3  
  62  5:20  Protoss Ground Weapons Level 2  
  68  5:21  Protoss Ground Armor Level 2  
  68  5:27  Probe x2  
  70  5:49  Probe x2  
  72  5:50  Nexus  
  72  5:53  Pylon  
  72  6:01  Probe  
  72  6:02  Probe, Stalker x2  
  78  6:25  Stalker x3  
  84  6:26  Stalker  
  86  6:37  Pylon  
  86  6:38  Pylon  
  86  6:39  Robotics Facility  
  86  6:40  Robotics Facility  
  86  7:06  Photon Cannon  
  86  7:08  Probe x3  
  86  7:09  Photon Cannon  
  86  7:10  Pylon, Photon Cannon  
  86  7:15  Photon Cannon, Stalker x4  
  87  7:18  Pylon  
  91  7:25  Protoss Ground Weapons Level 3  
  91  7:26  Protoss Ground Armor Level 3  
  91  7:41  Robotics Bay  
  91  7:43  Probe x2  
  93  7:45  Photon Cannon  
  93  7:48  Pylon  
  93  7:49  Stalker  
  93  7:50  Stalker  
  97  7:51  Photon Cannon  
  85  8:28  Stalker x2  
  85  8:29  Stalker x2  
  79  8:39  Colossus, Extended Thermal Lance  
  79  8:40  Colossus  
  89  9:02  Stalker x2  
  91  9:03  Stalker x2  
  93  9:33  Colossus  
  99  9:38  Protoss Shields Level 1  
  99  9:40  Colossus  
  103  9:49  Stalker x4  
  113  9:54  Assimilator  
  113  9:57  Assimilator  
  93  10:23  Stalker x2  
  93  10:24  Stalker x2  
  101  10:34  Colossus  
  107  11:06  Gateway x2  
  107  11:08  Colossus  
  113  11:19  Stalker  
  113  11:20  Stalker x3  
  121  11:45  Colossus  
  127  11:49  Stalker x4  
  135  12:02  Colossus  
  139  12:22  Pylon  
  127  12:23  Pylon  
  127  12:25  Pylon  
  127  12:29  Pylon  
  127  12:41  Nexus  
  133  12:53  Pylon  
  133  12:56  Pylon  
  133  12:58  Pylon  
  139  13:01  Pylon  
  139  13:05  Pylon  
  133  13:09  Stalker x3  
  133  13:10  Stalker x3  
Show
View Real Time Build Order
Export as new Build Order

Key Zerg 

Build Orders: Hatch First 

Get SALT Encoding   

  12  0:08  Drone x2  
  14  0:19  Overlord  
  14  0:41  Drone  
  15  0:52  Drone, Hatchery  
  15  0:53  Drone  
  15  0:57  Drone  
  17  1:05  Drone  
  18  1:22  Drone  
  19  1:26  Extractor  
  19  1:30  Drone  
  19  1:32  Spawning Pool  
  18  1:36  Drone  
  19  1:58  Drone x2  
  21  2:05  Drone  
  22  2:12  Drone  
  22  2:15  Drone  
  24  2:19  Queen x2  
  28  2:27  Overlord  
  28  2:31  Metabolic Boost  
  28  2:48  Drone  
  28  2:49  Drone  
  28  2:51  Overlord  
  30  3:00  Baneling Nest  
  30  3:01  Drone x2  
  31  3:08  Overlord  
  31  3:09  Zergling x4  
  33  3:16  Zergling x4  
  35  3:25  Zergling x4  
  37  3:40  Zergling x4  
  37  3:41  Zergling x6  
  41  3:42  Zergling x4  
  41  3:47  Spore Crawler  
  43  3:53  Spore Crawler  
  42  4:19  Lair  
  42  4:29  Drone x2, Extractor  
  42  4:30  Drone  
  44  4:31  Overlord x2  
  44  4:32  Spore Crawler, Overlord  
  44  4:33  Spore Crawler  
  44  4:37  Spore Crawler  
  41  4:42  Spore Crawler  
  41  4:43  Extractor  
  41  4:44  Drone x2  
  41  4:45  Drone x3  
  44  4:47  Overlord  
  44  4:50  Drone, Overlord x2  
  45  5:03  Drone x4, Evolution Chamber  
  45  5:04  Drone, Evolution Chamber  
  48  5:13  Extractor  
  47  5:17  Drone x3  
  47  5:18  Drone  
  51  5:23  Drone  
  52  5:31  Zerg Ground Armor Level 1  
  52  5:32  Zerg Melee Weapons Level 1  
  52  5:38  Drone x2  
  52  5:39  Evolution Chamber  
  53  5:50  Hydralisk Den  
  52  5:59  Overlord  
  52  6:00  Zergling x4  
  52  6:01  Zergling x6  
  52  6:02  Zergling x2  
  58  6:11  Baneling  
  58  6:12  Baneling x3  
  58  6:13  Baneling x4  
  58  6:22  Drone x4  
  58  6:23  Drone  
  58  6:24  Drone  
  64  6:29  Overseer  
  64  6:37  Drone  
  64  6:38  Drone x2, Spine Crawler  
  64  6:39  Drone  
  67  6:41  Drone  
  68  6:55  Spine Crawler  
  68  6:57  Muscular Augments  
  67  7:03  Hydralisk  
  67  7:05  Spine Crawler  
  68  7:18  Zergling x2  
  68  7:19  Hydralisk x3, Zergling x2  
  68  7:20  Hydralisk  
  78  7:27  Overlord  
  78  7:28  Overlord, Zergling x2  
  79  7:30  Zergling x2  
  80  7:41  Drone x2  
  82  7:45  Overlord x2  
  82  7:46  Hydralisk  
  82  7:47  Hydralisk  
  86  8:08  Grooved Spines  
  73  8:39  Hydralisk x4  
  73  8:40  Hydralisk x2  
  85  8:47  Hydralisk x4  
  93  8:54  Hydralisk  
  93  8:55  Hydralisk  
  55  10:41  Zerg Melee Weapons Level 2  
  55  10:42  Zerg Ground Armor Level 2, Zerg Missile Weapons Level 1  
  55  10:44  Hydralisk  
  55  10:45  Hydralisk x4  
  55  10:46  Hydralisk  
  67  10:59  Lurker Den, Hydralisk x2  
  70  11:04  Overseer  
  70  11:20  Hydralisk  
  70  11:21  Hydralisk x3  
  69  11:52  Hydralisk  
  69  11:53  Hydralisk x3  
  60  12:48  Zergling x8  
  60  12:49  Zergling x4  
  66  12:57  Lurker  
  67  12:59  Lurker  
Show
View Real Time Build Order
Export as new Build Order

Infamous Protoss 

Build Orders: 1 Gate Expand 

Get SALT Encoding   

  12  0:01  Probe  
  13  0:17  Pylon  
  13  0:19  Probe  
  14  0:34  Probe  
  14  0:37  Gateway  
  15  0:42  Probe  
  16  0:56  Probe, Assimilator  
  16  1:04  Probe  
  18  1:15  Probe  
  19  1:27  Probe  
  20  1:34  Nexus  
  20  1:48  Probe, Cybernetics Core  
  21  2:01  Probe  
  22  2:14  Pylon  
  22  2:16  Assimilator  
  23  2:22  Probe  
  23  2:24  Warp Gate  
  23  2:32  Pylon, Zealot  
  25  2:48  Probe, Stargate  
  25  2:50  Probe  
  27  3:02  Probe  
  27  3:03  Stalker  
  29  3:07  Probe  
  29  3:11  Probe  
  32  3:25  Stargate  
  32  3:30  Probe  
  32  3:31  Probe  
  34  3:47  Assimilator  
  34  3:51  Probe x2, Assimilator, Void Ray  
  34  3:54  Pylon  
  36  3:58  Pylon  
  40  4:03  Probe  
  41  4:11  Void Ray  
  41  4:21  Probe x2  
  47  4:41  Void Ray  
  51  4:54  Probe  
  51  4:55  Probe  
  51  4:56  Protoss Air Weapons Level 1  
  53  5:06  Probe  
  54  5:12  Fleet Beacon  
  54  5:25  Void Ray  
  58  5:39  Shield Battery  
  58  5:42  Shield Battery  
  58  5:45  Probe x2, Shield Battery  
  58  5:47  Shield Battery  
  60  5:56  Forge  
  60  5:57  Probe x2  
  61  5:59  Graviton Catapult  
  61  6:03  Pylon  
  62  6:05  Stargate  
  62  6:12  Void Ray  
  66  6:19  Probe x2  
  68  6:35  Void Ray  
  72  6:50  Probe x2  
  74  7:15  Carrier  
  74  7:24  Carrier  
  74  7:29  Void Ray  
  70  7:32  Nexus  
  70  7:35  Pylon  
  65  7:47  Probe x2  
  65  7:48  Protoss Shields Level 1  
  67  7:59  Probe  
  67  8:01  Protoss Air Armor Level 1  
  67  8:04  Void Ray  
  68  8:10  Robotics Facility  
  72  8:50  Pylon  
  72  8:52  Pylon  
  72  8:54  Pylon  
  72  8:57  Carrier  
  72  8:59  Pylon  
  78  9:08  Carrier  
  84  9:13  Photon Cannon  
  84  9:15  Photon Cannon  
  75  10:24  Carrier  
  75  10:45  Probe x2  
  75  10:47  Protoss Air Armor Level 2  
  76  10:55  Stargate  
  76  10:56  Pylon  
  76  10:59  Pylon  
  76  11:15  Carrier  
  76  11:22  Carrier  
  59  12:02  Pylon  
  59  12:03  Pylon  
  71  12:16  Probe  
  72  12:24  Probe  
  73  12:32  Pylon  
Show
View Real Time Build Order
Export as new Build Order

Sirpaul Protoss 

Build Orders:  

Get SALT Encoding   

  12  1:37  Probe  
  13  1:49  Probe, Nexus  
  14  2:01  Probe  
  15  2:15  Pylon  
  15  2:20  Assimilator  
  15  2:25  Assimilator  
  15  2:33  Probe  
  16  2:39  Gateway  
  16  2:44  Probe  
  16  2:46  Forge  
  17  2:53  Probe  
  18  3:01  Probe  
  19  3:10  Pylon  
  19  3:11  Probe  
  19  3:13  Probe  
  21  3:21  Probe  
  21  3:24  Probe  
  23  3:30  Probe  
  23  3:33  Cybernetics Core  
  24  3:41  Photon Cannon  
  24  3:42  Probe  
  24  3:48  Photon Cannon  
  25  3:52  Pylon  
  25  3:54  Probe  
  26  4:03  Probe  
  26  4:06  Pylon  
  27  4:11  Probe  
  27  4:12  Pylon  
  28  4:19  Stargate  
  28  4:21  Probe, Protoss Air Weapons Level 1  
  29  4:26  Stargate  
  29  4:33  Probe  
  29  4:35  Pylon  
  30  4:45  Photon Cannon  
  30  4:48  Assimilator  
  30  4:53  Assimilator  
  30  4:54  Probe  
  31  5:06  Probe  
  32  5:12  Photon Cannon  
  32  5:17  Pylon  
  32  5:19  Probe  
  33  5:22  Void Ray  
  37  5:42  Photon Cannon  
  37  5:54  Fleet Beacon  
  37  5:55  Phoenix  
  39  6:03  Stalker  
  41  6:12  Protoss Air Armor Level 1  
  41  6:26  Void Ray  
  45  6:49  Probe  
  46  6:57  Probe  
  46  6:59  Tempest  
  53  7:06  Probe  
  53  7:12  Stargate  
  54  7:18  Probe  
  54  7:30  Probe  
  55  7:54  Tempest x2  
  67  8:03  Tempest  
  45  9:36  Tempest x3  
  63  9:46  Stargate  
  63  9:52  Pylon  
  63  9:58  Stargate  
  63  10:13  Protoss Air Weapons Level 2  
  63  10:19  Tempest x2  
  75  11:14  Carrier x2  
  87  11:59  Nexus  
  49  12:28  Tempest x3  
  67  12:34  Zealot  
  69  12:44  Pylon  
  75  12:48  Pylon  
  77  13:10  Photon Cannon  
Show
View Real Time Build Order
Export as new Build Order

CultOfCroft Protoss 

Build Orders:  

Get SALT Encoding   

  12  0:01  Probe  
  13  0:13  Pylon  
  13  0:16  Probe  
  14  0:24  Probe  
  14  0:32  Probe  
  16  0:44  Probe  
  17  0:56  Probe, Pylon  
  18  1:06  Probe, Forge  
  19  1:14  Probe  
  20  1:28  Pylon  
  20  1:33  Nexus  
  20  1:38  Probe  
  21  1:50  Probe  
  21  1:51  Assimilator  
  22  1:55  Assimilator  
  22  2:12  Photon Cannon  
  22  2:14  Photon Cannon  
  22  2:20  Probe  
  23  2:45  Probe x2  
  25  2:54  Gateway  
  25  3:00  Probe x2  
  27  3:08  Probe x2  
  27  3:11  Pylon  
  29  3:16  Pylon, Assimilator  
  29  3:18  Probe x2  
  29  3:20  Assimilator  
  29  3:23  Pylon  
  31  3:30  Probe x2  
  33  3:40  Nexus  
  35  3:55  Probe x2  
  35  4:07  Probe x2  
  35  4:09  Cybernetics Core  
  37  4:13  Pylon  
  37  4:19  Probe  
  37  4:20  Probe, Pylon  
  39  4:29  Probe x2  
  39  4:37  Probe x2  
  41  4:39  Nexus  
  43  4:46  Probe x2  
  43  4:50  Stargate x2  
  45  4:53  Pylon  
  45  4:56  Stargate  
  45  4:58  Probe  
  46  5:00  Protoss Air Weapons Level 1  
  46  5:25  Cybernetics Core  
  46  5:29  Nexus  
  46  5:32  Assimilator, Stargate  
  46  5:33  Stargate  
  46  5:36  Pylon, Void Ray, Assimilator  
  46  5:40  Void Ray  
  54  5:49  Probe  
  55  5:51  Probe  
  55  5:52  Protoss Air Armor Level 1  
  56  6:01  Probe  
  56  6:03  Probe  
  58  6:06  Void Ray  
  58  6:10  Void Ray  
  62  6:13  Probe  
  62  6:15  Probe  
  62  6:20  Void Ray  
  62  6:21  Void Ray  
  71  6:25  Probe  
  71  6:28  Probe  
  76  6:37  Probe  
  77  6:40  Probe  
  77  6:43  Void Ray  
  82  6:49  Probe, Void Ray  
  82  6:52  Probe  
  88  6:59  Fleet Beacon  
  88  7:31  Protoss Air Weapons Level 2  
  88  7:45  Void Ray x2  
  88  7:46  Void Ray  
  100  8:04  Nexus  
  100  8:12  Void Ray  
  104  8:20  Nexus  
  104  8:46  Nexus  
  104  8:57  Void Ray  
  108  9:05  Nexus  
  108  9:08  Assimilator  
  108  9:11  Assimilator  
  108  9:16  Void Ray x3  
  116  9:34  Assimilator  
  116  9:39  Assimilator  
  116  9:44  Assimilator  
  104  9:46  Void Ray  
  104  9:47  Void Ray  
  104  9:49  Assimilator  
  112  9:58  Void Ray  
  98  10:47  Probe x3  
  98  10:49  Probe  
  102  10:52  Tempest x3  
  120  10:58  Probe x2  
  120  10:59  Probe x2  
  124  11:06  Probe  
  124  11:07  Probe  
  126  11:11  Probe x2  
  126  11:14  Tempest  
  126  11:15  Tempest  
  140  11:29  Assimilator  
  140  11:30  Probe x4  
  140  11:34  Assimilator  
  132  11:42  Probe x2  
  132  11:46  Carrier  
  129  12:33  Probe x4, Assimilator  
  133  12:45  Probe  
Show
View Real Time Build Order
Export as new Build Order

DaBattlinPoo Protoss 

Build Orders: Oracle Opening, Phoenix Opening 

Get SALT Encoding   

  12  0:00  Probe  
  13  0:20  Pylon  
  13  0:23  Assimilator  
  13  0:28  Probe  
  14  0:42  Gateway  
  14  0:45  Probe  
  16  0:57  Probe  
  16  1:04  Forge  
  16  1:06  Probe  
  17  1:14  Probe  
  17  1:23  Pylon  
  18  1:30  Probe  
  19  1:42  Cybernetics Core  
  19  1:46  Assimilator  
  19  1:48  Probe  
  20  1:59  Probe  
  21  2:07  Probe  
  22  2:15  Probe  
  23  2:23  Stargate  
  23  2:38  Photon Cannon  
  23  2:54  Nexus  
  23  2:57  Oracle  
  23  3:11  Probe  
  27  3:19  Pylon  
  27  3:23  Probe  
  28  3:34  Phoenix  
  28  3:35  Probe  
  31  3:47  Probe  
  32  3:59  Probe  
  33  4:05  Phoenix  
  33  4:09  Probe  
  36  4:11  Probe  
  36  4:13  Assimilator  
  37  4:17  Photon Cannon  
  37  4:18  Probe  
  37  4:19  Assimilator  
  37  4:20  Probe  
  39  4:27  Pylon  
  39  4:36  Phoenix  
  41  4:40  Pylon  
  41  4:42  Probe  
  42  4:46  Probe  
  42  4:52  Stargate  
  43  4:59  Probe, Pylon  
  44  5:00  Phoenix  
  44  5:03  Protoss Air Weapons Level 1  
  46  5:20  Probe  
  48  5:21  Probe  
  48  5:22  Phoenix  
  50  5:32  Probe  
  50  5:33  Probe  
  49  5:44  Probe, Photon Cannon  
  49  5:46  Photon Cannon  
  49  5:49  Photon Cannon  
  50  5:54  Probe  
  50  5:55  Protoss Shields Level 1  
  51  6:01  Phoenix  
  51  6:03  Probe  
  53  6:06  Probe  
  56  6:18  Probe  
  56  6:19  Fleet Beacon  
  56  6:25  Cybernetics Core  
  56  6:30  Phoenix  
  58  6:36  Phoenix  
  60  6:49  Twilight Council  
  60  6:53  Shield Battery  
  60  6:54  Shield Battery  
  60  6:57  Protoss Air Armor Level 1  
  60  7:01  Phoenix  
  60  7:06  Phoenix  
  64  7:09  Probe  
  65  7:26  Phoenix  
  65  7:27  Protoss Air Weapons Level 2  
  67  7:31  Phoenix  
  69  7:37  Anion Pulse-Crystals  
  68  7:51  Phoenix  
  68  7:57  Probe  
  63  8:29  Phoenix x2  
  65  8:54  Phoenix  
  66  9:14  Carrier x2  
  54  9:17  Nexus  
  54  9:20  Pylon  
  54  9:21  Pylon  
  54  9:23  Pylon  
  46  9:28  Assimilator  
  58  9:32  Assimilator  
  58  9:33  Graviton Catapult  
  58  9:49  Stargate  
  58  10:20  Photon Cannon  
  58  10:21  Photon Cannon  
  56  10:32  Protoss Air Weapons Level 3  
  56  10:39  Carrier  
  62  11:00  Carrier  
  68  11:27  Pylon  
  68  11:29  Pylon  
  68  11:31  Pylon  
  68  11:39  Carrier  
  74  11:45  Nexus  
  74  11:49  Assimilator  
  74  11:50  Photon Cannon  
  74  11:58  Assimilator  
  74  12:01  Shield Battery  
  74  12:05  Shield Battery  
  74  12:09  Shield Battery  
  74  12:10  Photon Cannon  
  73  12:58  Pylon  
  73  13:00  Pylon x2  
  73  13:02  Pylon x2  
  73  13:03  Pylon x3  
Show
View Real Time Build Order
Export as new Build Order

John Protoss 

Build Orders:  

Get SALT Encoding   

  12  0:02  Probe  
  13  0:14  Probe  
  14  0:25  Pylon  
  14  0:26  Probe  
  15  0:43  Probe  
  15  0:47  Gateway  
  16  0:53  Gateway  
  16  0:55  Probe  
  16  1:03  Probe  
  17  1:05  Assimilator  
  18  1:28  Forge  
  18  1:34  Probe  
  18  1:37  Pylon  
  19  1:42  Zealot x2  
  23  1:55  Probe  
  24  2:07  Cybernetics Core  
  24  2:36  Gateway  
  24  2:44  Stalker x2  
  24  2:48  Probe  
  29  2:51  Assimilator  
  29  2:56  Probe  
  29  3:01  Nexus  
  30  3:05  Probe  
  31  3:32  Pylon  
  31  3:34  Pylon, Warp Gate  
  31  3:40  Protoss Ground Weapons Level 1  
  31  3:49  Probe  
  31  3:50  Stalker x2  
  36  3:57  Probe  
  37  4:05  Probe  
  37  4:06  Stalker  
  40  4:17  Probe  
  40  4:19  Robotics Facility  
  40  4:20  Probe  
  42  4:29  Probe, Stalker  
  45  4:36  Stalker  
  45  4:37  Probe  
  47  4:41  Probe  
  49  4:45  Probe  
  49  4:49  Probe  
  50  4:53  Probe, Assimilator  
  50  4:58  Probe  
  52  5:05  Probe  
  54  5:25  Immortal  
  54  5:27  Probe, Twilight Council  
  54  5:28  Probe  
  60  5:35  Probe, Assimilator  
  60  5:36  Probe  
  62  5:53  Protoss Ground Armor Level 1  
  62  6:01  Gateway  
  62  6:03  Gateway  
  62  6:07  Blink  
  62  6:32  Pylon x2  
  62  6:35  Pylon  
  62  6:36  Pylon  
  62  6:37  Pylon  
  62  6:50  Probe x2, Immortal  
  68  7:02  Probe x2  
  68  7:04  Stalker x2  
  68  7:05  Stalker  
  68  7:06  Stalker  
  78  7:14  Probe  
  79  7:15  Robotics Bay  
  79  7:17  Robotics Facility  
  79  7:39  Stalker x2  
  79  7:40  Stalker x2  
  79  7:43  Immortal  
  91  7:51  Pylon  
  91  7:53  Pylon  
  91  7:56  Forge  
  80  8:37  Stalker  
  80  8:38  Stalker x3  
  80  8:41  Colossus x2  
  88  8:45  Extended Thermal Lance  
  88  8:46  Protoss Ground Armor Level 2  
  100  8:49  Protoss Ground Weapons Level 2  
  100  8:54  Gateway  
  100  8:57  Pylon  
  100  8:58  Pylon  
  88  9:41  Stalker x3  
  88  9:42  Stalker  
  78  10:32  Colossus x2  
  90  10:38  Gateway x2  
  90  10:42  Stalker x2  
  94  10:43  Gateway, Stalker  
  94  10:44  Gateway  
  96  11:07  Stalker  
  96  11:08  Stalker  
  96  11:11  Sentry x2  
  102  11:12  Nexus  
  102  11:15  Protoss Shields Level 1  
  104  11:26  Immortal x2  
  104  11:28  Charge  
  112  12:08  Stalker  
  112  12:09  Stalker x2  
  112  12:10  Stalker x3  
  112  12:11  Stalker x2  
  112  12:15  Immortal  
  74  13:15  Stalker x3  
  74  13:16  Stalker x2  
  74  13:17  Sentry, Stalker  
  74  13:18  Stalker  
Tags
 
Add a new tag
Caveats
  • Supply blocks, unpowered buildings, or Contaminate may cause inaccurate times.
  • Supply counts are checked every 10 seconds.